 Dungeon Crawl Stone Soup version 0.19.0-16-g73b5abf (webtiles) character file.

123 dobroeutro the Chopper (level 4, 0/39 HPs)
             Began as a Minotaur Berserker on Nov 10, 2016.
             Was a Priest of Trog.
             Killed by divine providence
             ... invoked by an orc priest
              (13 damage)
             ... on level 3 of the Dungeon.
             The game lasted 00:02:13 (2359 turns).

dobroeutro the Chopper (Minotaur Berserker)         Turns: 2359, Time: 00:02:14

Health: 0/39       AC:  5    Str: 22    XL:     4   Next: 80%
Magic:  3/3        EV: 11    Int:  4    God:    Trog [***...]
Gold:   145        SH:  0    Dex: 10    Spells: 0 memorised, 3 levels left

rFire  . . .     SeeInvis .     a - +0 hand axe
rCold  . . .     Gourm    .     n - +0 ring mail
rNeg   . . .     Faith    .     (no shield)
rPois  .         Spirit   .     (helmet restricted)
rElec  .         Reflect  .     (no cloak)
rCorr  .         Harm     .     (no gloves)
MR     .....                    (no boots)
Stlth  ..........               (no amulet)
                                (no ring)
                                (no ring)

@: no status effects
A: retaliatory headbutt, horns 2
a: Berserk, Trog's Hand, Burn Spellbooks, Renounce Religion


You were on level 3 of the Dungeon.
You worshipped Trog.
Trog was most pleased with you.
You were not hungry.

You visited 1 branch of the dungeon, and saw 3 of its levels.

You collected 145 gold pieces.

Inventory:

Hand Weapons
 a - a +0 hand axe (weapon)
Armour
 n - a +0 ring mail (worn)
Scrolls
 d - 2 scrolls of teleportation {unknown}
 g - 3 scrolls of remove curse {unknown}
 i - 3 scrolls of magic mapping {unknown}
 k - a scroll of enchant weapon {unknown}
 l - 3 scrolls of identify {unknown}
 p - a scroll of immolation {unknown}
 q - a scroll of random uselessness {unknown}
 r - a scroll of recharging {unknown}
Potions
 b - a potion of magic {unknown}
 e - a potion of heal wounds {unknown}
 h - a potion of lignification {unknown}
 j - 3 potions of curing {unknown}
 m - a potion of ambrosia {unknown}
Comestibles
 c - 3 bread rations
 f - a beef jerky
 o - a slice of pizza
 s - 2 chunks of flesh


   Skills:
 - Level 3.6 Fighting
 + Level 6.7 Axes
 - Level 2.4 Armour
 - Level 2.1 Dodging


You had 3 spell levels left.
You didn't know any spells.

Dungeon Overview and Level Annotations

Branches:
Dungeon (3/15)

Altars:


Innate Abilities, Weirdness & Mutations

You reflexively headbutt those who attack you in melee.
You have a pair of horns on your head.


Message History

An orc comes into view. It is wielding a hand axe.
You barely miss the orc. Your headbutt misses the orc.
The orc is almost dead.
You hit the goblin. The orc barely misses you. x2
The goblin hits you but does no damage.
You barely miss the orc.
The orc is almost dead.
You barely miss the goblin. You barely miss the orc.
The orc hits you with a short sword. The orc hits you but does no damage.
The orc closely misses you. The goblin closely misses you.
You furiously retaliate!
You headbutt the goblin.
You kill the goblin!
Trog accepts your kill. The orc barely misses you. You furiously retaliate!
You headbutt the orc!
You kill the orc!
Trog accepts your kill. The orc barely misses you.
The orc priest invokes the aid of Beogh against you.
Beogh smites you!
You die...

####### #.....#### .
#........##...
#.....o†.oooo.
#.....)o.# #...oo####
########@### ##+##
#........# ##...##
#.#####..# ##.....##
#####..## ##.......##
.........###....)....###
.#######...+....÷....†..
## #.............### #
#..###.......## +..#
##.....##


You could see an orc priest, 2 orc wizards and 3 orcs.

Vanquished Creatures
  Robin (D:2)
  2 adders
  An ooze (D:1)
  5 worms
  2 dart slugs
  3 leopard geckos
  An orc (D:3)
  8 bats
  6 hobgoblins
  6 jackals
  A ball python (D:3)
  3 frilled lizards
  16 goblins
  9 kobolds
  7 rats
71 creatures vanquished.

Notes
Turn   | Place    | Note
-------+----------+-------------------------------------------
     0 | D:1      | dobroeutro the Minotaur Berserker began the quest for the Orb.
     0 | D:1      | Reached XP level 1. HP: 19/19 MP: 0/0
    17 | D:1      | Reached skill level 4 in Axes
    29 | D:1      | Reached XP level 2. HP: 12/26 MP: 1/1
  1074 | D:2      | Reached skill level 5 in Axes
  1080 | D:2      | Noticed Robin
  1085 | D:2      | Reached XP level 3. HP: 31/31 MP: 2/2
  1091 | D:2      | Killed Robin
  1092 | D:2      | Reached ** piety under Trog
  1175 | D:2      | Found a faded altar of an unknown god.
  1404 | D:2      | Reached XP level 4. HP: 25/39 MP: 3/3
  1444 | D:2      | Reached skill level 6 in Axes
  2316 | D:3      | Reached *** piety under Trog
  2359 | D:3      | Killed from afar by an orc priest

Skill      XL: |  1  2  3  4 |
---------------+-------------+-----
Axes           | 4 5 6 |  6.7
Fighting       | |  3.6
Armour         | |  2.4
Dodging        | |  2.1

Action                   |  1- 3 |  4- 6 || total
-------------------------+-------+-------++-------
Melee: Hand axe          |    76 |    78 ||   154
       Headbutt          |    11 |     8 ||    19
Invok: Berserk           |     1 |       ||     1
  Eat: Chunk             |     2 |     4 ||     6
Armor: Animal skin       |    15 |       ||    15
       Ring mail         |     4 |    39 ||    43
Dodge: Dodged            |    38 |    64 ||   102
